 Dungeon Crawl Stone Soup version 0.17.0-28-g6e173f8 (webtiles) character file.

102 plasmid the Skirmisher (level 4, -2/37 HPs)
             Began as a Demonspawn Berserker on Nov 29, 2015.
             Was a Believer of Trog.
             Slain by shane's ghost (13 damage)
             ... on level 3 of the Dungeon.
             The game lasted 00:43:22 (2203 turns).

plasmid the Skirmisher (Demonspawn Berserker)       Turns: 2203, Time: 00:43:25

Health: -2/37      AC:  9    Str: 18 (21) XL:     4   Next: 49%
Magic:  4/4        EV: 11    Int:  8      God:    Trog [**....]
Gold:   103        SH:  0    Dex: 12      Spells: 0 memorised, 3 levels left

rFire  . . .     SeeInvis .     J - +0 war axe
rCold  . . .     Clarity  .     b - +0 animal skin
rNeg   . . .     SustAt   .     (no shield)
rPois  .         Gourm    .     (helmet restricted)
rElec  .         Spirit   .     (no cloak)
rCorr  .         Warding  .     r - +2 pair of gloves
rMut   .         Stasis   .     f - +0 pair of boots
MR     .....                    (no amulet)
Stlth  +.........               (no ring)
                                g - +2 ring of strength

@: exhausted, slowed, very slow, not resistant to hostile enchantments, very
unstealthy
A: antennae 1, molten scales 2
a: Berserk, Trog's Hand, Burn Spellbooks, Renounce Religion


You were on level 3 of the Dungeon.
You worshipped Trog.
Trog was pleased with you.
You were hungry.

You visited 1 branch of the dungeon, and saw 3 of its levels.

You collected 103 gold pieces.

Inventory:

Hand Weapons
 a - a +0 hand axe
 k - a +0 club
 m - a +0 club
 o - a +0 short sword
 q - a cursed +0 dagger
 v - a +0 short sword
 D - a +0 club
 E - a +0 dagger
 H - a +0 club
 J - a +0 war axe (weapon)
 N - a cursed -2 short sword
Missiles
 e - 12 arrows of flame
 i - 13 arrows of frost
 l - 58 stones (quivered)
 t - 11 arrows
 I - 9 poisoned needles
 K - 18 bolts
Armour
 b - a +0 animal skin (worn)
 f - a +0 pair of boots (worn)
 r - a +2 pair of gloves (worn)
 y - a +0 robe
 z - a +0 pair of boots
Jewellery
 g - a +2 ring of strength (left hand)
 L - an uncursed amulet of resist mutation {unknown}
Wands
 p - a wand of flame (33)
 G - a wand of flame (23)
 M - a wand of magic darts (16)
Scrolls
 s - a scroll of enchant weapon {unknown}
 w - a scroll of amnesia
 x - a scroll of recharging {unknown}
 A - a scroll of identify
 B - a scroll of teleportation {unknown}
 C - a scroll of immolation {unknown}
 F - a scroll of random uselessness {unknown}
Potions
 h - a potion of lignification {unknown}
 j - a potion of heal wounds {unknown}
 n - a potion of flight {unknown}
 u - a potion of curing {unknown}
Comestibles
 c - 4 bread rations
 d - 2 chunks of flesh


   Skills:
 * Level 3.9 Fighting
 * Level 3.6 Axes
 + Level 1.9 Armour
 + Level 2.5 Dodging
 + Level 0.2 Stealth


You had 3 spell levels left.
You didn't know any spells.

Dungeon Overview and Level Annotations

Branches:
Dungeon (3/15)

Altars:
Vehumet

Annotations:
D:3 shane's ghost, amateur DsGl


Innate Abilities, Weirdness & Mutations

You have a pair of small antennae on your head.
You are mostly covered in molten scales (AC +3, EV -1).


Message History

* * * LOW HITPOINT WARNING * * *
You are too berserk!
You are too berserk!
You hit shane's ghost but do no damage.
Shane's ghost is moderately damaged.
Shane's ghost barely misses you.
You barely miss shane's ghost.
Shane's ghost is moderately damaged.
Shane's ghost closely misses you.
You hit shane's ghost but do no damage.
Shane's ghost is moderately damaged.
Shane's ghost hits you but does no damage.
You hit shane's ghost.
Shane's ghost is moderately damaged.
You are no longer berserk.
You are exhausted.
You feel yourself slow down.
You are feeling hungry.
Shane's ghost hits you!
You die...

#.#.#.#.#.#.#.#
#....'.....
#############.#
#....#..... #.# #....#
...
#######.#####....######
......................##
.....................#.#
...8.......8........#.#
...................#.##
..8(.(.(W@..8.....#.##
## .................#.##
#. ...8.......8....#.##
#. ...#..#.#..#...#.##
#. ######...######.#..
#. ..#.# ..#.### #.
...... ... #.# #. ......
... #.# #. .. .. #. ##.


You could see shane's ghost.

Vanquished Creatures
  A worker ant (D:3)
  2 adders
  A giant gecko (D:2)
  A ball python (D:2)
  5 giant cockroaches
  5 goblins
  8 hobgoblins
  9 jackals
  5 kobolds
  A quokka (D:2)
  7 bats
  3 giant newts
  2 rats (D:1)
50 creatures vanquished.

Notes
Turn   | Place    | Note
--------------------------------------------------------------
     0 | D:1      | plasmid the Demonspawn Berserker began the quest for the Orb.
     0 | D:1      | Reached XP level 1. HP: 18/18 MP: 1/1
     1 | D:1      | Noticed a centaur skeleton
     5 | D:1      | Noticed an elf
    15 | D:1      | Noticed a spriggan skeleton
    17 | D:1      | Noticed a human
    19 | D:1      | Noticed a draconian
    21 | D:1      | Noticed a draconian skeleton
    22 | D:1      | Noticed an ogre
    24 | D:1      | Noticed a troll skeleton
    24 | D:1      | Noticed an elf
    26 | D:1      | Noticed a merfolk skeleton
    28 | D:1      | Noticed a human skeleton
    28 | D:1      | Noticed a centaur skeleton
   354 | D:1      | Gained mutation: You are partially covered in molten scales (AC +1). [demonic ancestry]
   354 | D:1      | Reached XP level 2. HP: 21/24 MP: 2/2
  1047 | D:2      | Gained mutation: You are mostly covered in molten scales (AC +3, EV -1). [demonic ancestry]
  1047 | D:2      | Reached XP level 3. HP: 29/29 MP: 3/3
  1226 | D:2      | Reached ** piety under Trog
  1316 | D:2      | Found a radiant altar of Vehumet.
  1815 | D:3      | Gained mutation: You have a pair of small antennae on your head. [demonic ancestry]
  1815 | D:3      | Reached XP level 4. HP: 9/37 MP: 4/4
  2181 | D:3      | Noticed shane's ghost (amateur DsGl)
  2203 | D:3      | Slain by shane's ghost

Action                   |  1- 3 |  4- 6 || total
-------------------------+-------+-------++-------
Melee: Hand axe          |   103 |       ||   103
       War axe           |    15 |    29 ||    44
Throw: Stone             |    35 |     6 ||    41
Invok: Berserk           |     6 |     1 ||     7
       Trog's Hand       |     1 |       ||     1
Evoke: Wand              |       |     1 ||     1
  Use: Potion            |     3 |       ||     3
       Scroll            |     2 |       ||     2
  Eat: Chunk             |     9 |     2 ||    11
